 Dungeon Crawl Stone Soup version 0.30.0-11-gf55b779eaf (webtiles) character file.

Game seed: 2785578809792352585

48 Esekla the Grave Robber (level 3, -1/23 HPs)
             Began as an Octopode Necromancer on May 17, 2023.
             Slain by a cerulean imp
             ... wielding a +1 spear
             ... summoned by Natasha
              (4 damage)
             ... on level 2 of the Dungeon.
             The game lasted 00:04:41 (1252 turns).

Esekla the Grave Robber (Octopode Necromancer)      Turns: 1252, Time: 00:04:42

Health: -1/23      AC:  1    Str:  7    XL:     3   Next: 72%
Magic:  0/6        EV: 13    Int: 19    God:
Gold:   78         SH:  0    Dex: 12    Spells: 2/6 levels left

rFire   . . .        f - +0 dagger
rCold   . . .        (no shield)
rNeg    . . .        (helmet restricted)
rPois   .            (no amulet)
rElec   .            h - +4 ring of slaying
rCorr   .            (no ring)
SInv    .            (no ring)
Will    .....        (no ring)
Stlth   +++          (no ring)
HPRegen 0.23/turn    (no ring)
MPRegen 0.10/turn    (no ring)
                     (no ring)

%: no passive effects
@: very slightly contaminated
A: almost no armour, amphibious, 8 rings, camouflage 1, gelatinous body 1,
(nimble swimmer 1), tentacles
a: no special abilities


You were on level 2 of the Dungeon.
You visited 1 branch of the dungeon, and saw 2 of its levels.

You collected 78 gold pieces.

Inventory:

Hand Weapons
 f - a +0 dagger (weapon)
Missiles
 e - 2 poisoned darts
Armour
 j - a +2 kite shield
Jewellery
 h - a +4 ring of slaying (left tentacle)
Scrolls
 b - 2 scrolls of fog {unknown}
 c - a scroll of poison
 d - a scroll of teleportation {unknown}
 g - 2 scrolls of identify {unknown}
 i - a scroll of amnesia {unknown}
 k - a scroll of torment {unknown}
Potions
 a - a potion of magic
 l - 2 potions of curing {unknown}
 m - a potion of might {unknown}


   Skills:
 * Level 1.0 Fighting
 + Level 0.1 Short Blades
 * Level 2.2 Dodging
 + Level 3.2 Stealth
 * Level 0.3 Shields
 * Level 2.1 Spellcasting
 * Level 0.2 Conjurations
 + Level 4.3 Necromancy
 * Level 0.2 Air Magic
 * Level 1.0 Poison Magic


You had 2 spell levels left.
You knew the following spells:

 Your Spells              Type           Power      Damage    Failure   Level
a - Necrotise             Necr           72%        1d7       2%          1
d - Vampiric Draining     Necr           18%        2d7       9%          3

Your spell library contained the following spells:

 Spells                   Type           Power      Damage    Failure   Level
 Magic Dart               Conj           8%         1d3       16%         1
 Static Discharge         Conj/Air       4%         2-3/arc   22%         2
 Call Imp                 Summ           4%         N/A       26%         2
 Animate Dead             Necr           18%        N/A       26%         4
 Mephitic Cloud           Conj/Pois/Air  3%         N/A       38%         3
 Agony                    Necr           18%        N/A       58%         5
 Airstrike                Air            1%         2d(1-17)  83%         4
 Summon Lightning Spire   Summ/Air       2%         N/A       85%         4


Dungeon Overview and Level Annotations

Branches:
Dungeon (2/15)

Altars:
Cheibriados

Annotations:
D:2 Natasha


Innate Abilities, Weirdness & Mutations

You cannot wear most types of armour.
You are amphibious.
You can wear up to eight rings at the same time.
Your skin changes colour to match your surroundings (Stealth+).
Your rubbery body absorbs attacks. (AC +1, EV +1)
((You are camouflaged when in or above water. (Stealth+)))
You have tentacles for arms and can constrict up to eight enemies at once.


Message History

You barely miss Natasha. Your grab misses Natasha.
Natasha is severely wounded.
Natasha claws you.
Casting: Vampiric Draining (quite dangerous; 9% risk of failure)
Confirm with . or Enter, or press ? or * to list all spells.
The spell is quite dangerous to miscast (9% risk of failure)!
Continue anyway?
Aiming: Vampiric Draining (quite dangerous; 9% risk of failure)
Press: ? - help, Shift-Dir - straight line, f - Natasha
Aim: Natasha (severely wounded)
You miscast Vampiric Draining.
You are very lightly contaminated with residual magic.
Nothing appears to happen.
The kobold hits you with a +2 short sword of speed.
Natasha closely misses you.
Casting: Vampiric Draining (quite dangerous; 9% risk of failure)
Confirm with . or Enter, or press ? or * to list all spells.
The spell is quite dangerous to miscast (9% risk of failure)!
Continue anyway?
Aiming: Vampiric Draining (quite dangerous; 9% risk of failure)
Press: ? - help, Shift-Dir - straight line, f/p - Natasha
Aim: Natasha (severely wounded)
You miscast Vampiric Draining.
Nothing appears to happen.
The kobold hits you with a +2 short sword of speed.
Natasha claws you.
* * * LOW HITPOINT WARNING * * *
Natasha casts a spell.
The kobold completely misses you. The kobold attacks as you move away!
The kobold hits you with a +2 short sword of speed.
* * * LOW HITPOINT WARNING * * *
You hit the kobold.
You kill the kobold!
Natasha hisses.
The air fills with toxic fumes!
As you read the scroll labelled MEPYGYU NOZA, it crumbles to dust.
It was a scroll of poison.
The kobold hits you with a +0 whip.
* * * LOW HITPOINT WARNING * * *
You hit the kobold.
You kill the kobold!
The cerulean imp hits you from afar with a +1 spear.
You die...

# #..#........... #. #
##..######## #.#
##.###..#
###§.###.......#
.§§§...#####.##
###§#§..#####.# .
..§§§§§.......#
...##.#§§§#########
.#...<##h5)@§§§§§§##
....§§§§.########§§##
#...§§##.# ####...#
#.... #.?.# #......#
#... .5....# #......#
...........# #.._...#
.........#.# #.....##
.....#.#.#.# #.....#
....>.....###..#.#####


You could see Natasha and a cerulean imp (summoned).

Vanquished Creatures
  Natasha (D:2)
  2 endoplasms (D:1)
  A giant cockroach (D:1)
  3 goblins
  4 hobgoblins
  2 ball pythons
  3 bats
  7 kobolds
  A rat (D:1)
24 creatures vanquished.

Notes
Turn   | Place    | Note
-------+----------+-------------------------------------------
     0 | D:1      | Esekla the Octopode Necromancer began the quest for the
                  | Orb.
     0 | D:1      | Reached XP level 1. HP: 11/11 MP: 3/3
   510 | D:1      | Reached XP level 2. HP: 11/18 MP: 5/5
  1057 | D:2      | Found a snail-covered altar of Cheibriados.
  1089 | D:2      | Noticed Natasha
  1094 | D:2      | Killed Natasha
  1095 | D:2      | Reached skill level 1 in Poison Magic
  1095 | D:2      | Reached XP level 3. HP: 22/22 MP: 6/6
  1099 | D:2      | Learned a level 3 spell: Vampiric Draining
  1184 | D:2      | Reached skill level 1 in Fighting
  1236 | D:2      | Noticed Natasha
  1252 | D:2      | Slain by a cerulean imp

Illustrated notes

Levels and vault maps discovered:
D:1:      sevenhm_arrival_forest_fort_small_3, layout_loops_corners
D:2:      layout_loops_ring, basic_altar, uniq_natasha

Skill      XL: |  1  2  3 |
---------------+----------+-----
Stealth        | 3 |  3.2
Poison Magic   | 1 |  1.0
Fighting       | 1 |  1.0
Short Blades   | |  0.1
Dodging        | |  2.2
Shields        | |  0.3
Spellcasting   | |  2.1
Conjurations   | |  0.2
Necromancy     | |  4.3
Air Magic      | |  0.2

Action                     || total
---------------------------++-------
  Melee: Unarmed           ||    18
         Dagger            ||    40
         Constrict         ||    15
         Tentacles         ||    14
   Cast: Vampiric Draining ||     1
    Use: Scroll            ||     1
   Stab: Sleeping          ||     9
 Armour: Skin              ||     8
  Dodge: Dodged            ||    33
